 Dungeon Crawl Stone Soup version 0.30-a0-715-gdb4ae3ece1 (webtiles) character file.

Game seed: 2513951438535410778

6 Newt the Shooter (level 2, 0/18 HPs)
             Began as a Kobold Hunter on Jan 24, 2023.
             Frozen to death by an endoplasm (2 damage)
             ... on level 1 of the Dungeon.
             The game lasted 00:00:15 (90 turns).

Newt the Shooter (Kobold Hunter)                      Turns: 90, Time: 00:00:15

Health: 0/18       AC:  3    Str:  8    XL:     2   Next: 0%
Magic:  2/2        EV: 15    Int: 10    God:
Gold:   4          SH:  0    Dex: 24    Spells: 1/1 levels left

rFire   . . .      SeeInvis .    a - +0 shortbow
rCold   + . .      Faith    .    (shield currently unavailable)
rNeg    . . .      Spirit   .    c - +0 leather armour
rPois   .          Reflect  .    (no helmet)
rElec   .          Harm     .    (no cloak)
rCorr   .          Rampage  .    (no gloves)
Will    .....                    (no boots)
Stlth   +++                      (no amulet)
HPRegen 0.23/turn                g - ring of protection from cold
MPRegen 0.08/turn                h - +6 ring of dexterity

@: no status effects
A: small, no large weapons, nightstalker 3
a: no special abilities


You were on level 1 of the Dungeon.
You visited 1 branch of the dungeon, and saw 1 of its levels.

You collected 4 gold pieces.

Inventory:

Hand Weapons
 a - a +0 shortbow (weapon)
Armour
 c - a +0 leather armour (worn)
Jewellery
 g - a ring of protection from cold (left hand)
 h - a +6 ring of dexterity (right hand)
Scrolls
 b - a scroll of immolation
 d - a scroll of noise {unknown}
 e - a scroll of poison {unknown}
 f - a scroll of amnesia {unknown}
 i - a scroll of teleportation {unknown}


   Skills:
 + Level 2.9 Fighting
 - Level 5.3 Ranged Weapons
 - Level 2.4 Dodging
 - Level 1.3 Stealth


You had one spell level left.
You didn't know any spells.
Your spell library was empty.

Dungeon Overview and Level Annotations

Branches:
Dungeon (1/15)

Altars:


Innate Abilities, Weirdness & Mutations

You are small and have problems with some larger weapons.
You are completely attuned to the shadows.


Message History

You are too injured to fight recklessly!
You are too injured to fight recklessly!
You are too injured to fight recklessly!
You are too injured to fight recklessly!
You are too injured to fight recklessly!
You are too injured to fight recklessly!
Unknown command.
You shoot an arrow. The arrow closely misses the hobgoblin.
The endoplasm freezes you.
You are frozen.
You resist. The hobgoblin completely misses you. The endoplasm freezes you.
You are frozen.
You resist.
You shoot an arrow. The arrow hits the hobgoblin.
The hobgoblin is moderately wounded.
The endoplasm freezes you.
You are frozen.
You resist. The hobgoblin closely misses you. The endoplasm freezes you.
You are frozen.
You resist.
You shoot an arrow. The arrow hits the hobgoblin.
You kill the hobgoblin!
The endoplasm barely misses you. The endoplasm closely misses you.
The endoplasm barely misses you. The endoplasm freezes you.
You are frozen.
You resist.
You have reached level 2!
You shoot an arrow.
The arrow hits the endoplasm but does no damage.
The endoplasm freezes you.
You are frozen.
You resist.
* * * LOW HITPOINT WARNING * * *
The endoplasm freezes you.
You are frozen.
You resist.
You shoot an arrow.
The arrow hits the endoplasm but does no damage.
The endoplasm freezes you.
You are frozen.
You resist.
* * * LOW HITPOINT WARNING * * *
The endoplasm freezes you.
You are frozen.
You resist.
You die...

.........
#..........
#..........
#....)JJ...
#.....@....
#..........
##..........
............
.........###
.........#
.........#
.........##
..[.......#


You could see 2 endoplasms.

Vanquished Creatures
  2 ball pythons (D:1)
  A bat (D:1)
  A hobgoblin (D:1)
  A kobold (D:1)
5 creatures vanquished.

Notes
Turn   | Place    | Note
-------+----------+-------------------------------------------
     0 | D:1      | Newt the Kobold Hunter began the quest for the Orb.
     0 | D:1      | Reached XP level 1. HP: 12/12 MP: 1/1
     7 | D:1      | Noticed a snapping turtle
     7 | D:1      | Noticed a lindwurm
    89 | D:1      | Reached XP level 2. HP: 5/18 MP: 2/2
    90 | D:1      | Frozen to death by an endoplasm

Illustrated notes

Levels and vault maps discovered:
D:1:      onia_arrival_zoo_common, layout_basic, basic_ecumenical_altar

Action                     || total
---------------------------++-------
   Fire: Shortbow          ||    15
 Armour: Leather armour    ||     3
  Dodge: Dodged            ||     9

Table legend: (Time is in decaauts)
 A = Elapsed time spent in this place.
 B = Non-inter-level travel time spent in this place.
 C = Inter-level travel time spent in this place.
 D = Time resting spent in this place.
 E = Time spent auto-exploring this place.
 F = Levels seen in this place.
 G = Mean time per level.
                   A        B        C        D        E       F      G
               +--------+--------+--------+--------+--------+-----+--------+
         Total |     93 |     93 |      0 |      0 |     65 |   1 |   93.0 |
       Dungeon |     93 |     93 |      0 |      0 |     65 |   1 |   93.0 |
               +--------+--------+--------+--------+--------+-----+--------+

Top non-repeatable levels by time:
     D:1: 93 daAuts
